 Dungeon Crawl Stone Soup version 0.25-a0-283-ge7e91ba8d0 (webtiles) character file.

Game seed: 17615026165119676598, levelgen mode: deterministic

256047 D1HalberdGnoll the Warrior (level 19, -5/168 HPs)
             Began as a Merfolk Venom Mage on Dec 10, 2019.
             Was the Champion of Dithmenos.
             Killed from afar by Nikola (40 damage)
             ... with a chain lightning
             ... on level 1 of the Depths on Dec 11, 2019.
             The game lasted 02:21:03 (56276 turns).

D1HalberdGnoll the Warrior (Merfolk Venom Mage)    Turns: 56276, Time: 02:21:04

Health: -5/168     AC: 17    Str: 10    XL:     19   Next: 80%
Magic:  0/35       EV: 19    Int: 18    God:    Dithmenos [******]
Gold:   1957       SH: 14    Dex: 18    Spells: 20/43 levels left

rFire    . . .     SeeInvis .   d - +7 demon trident (vamp)
rCold    . . .     Gourm    .   m - +3 buckler {AC+3}
rNeg     . . .     Faith    .   q - +0 troll leather armour
rPois    .         Spirit   +   K - +2 helmet
rElec    .         Reflect  +   F - scarf {Spirit}
rCorr    .         Harm     .   L - +2 pair of gloves {Dex+3}
MR       ++...                  e - +2 pair of boots {run}
Stlth    ++++++++..             u - +6 amulet of reflection
HPRegen  0.78/turn              H - ring of wizardry
MPRegen  0.24/turn              O - ring of protection from magic

@: wreathed by umbra, quick
A: change form in water, swift swim, stealthy swim, dopey 1
}: 2/15 runes: decaying, serpentine
a: Shadow Step, Shadow Form, Renounce Religion


You were on level 1 of the Depths.
You worshipped Dithmenos.
Dithmenos was exalted by your worship.
You were hungry.

You visited 7 branches of the dungeon, and saw 34 of its levels.
You also visited: Trove.

You collected 2897 gold pieces.
You spent 940 gold pieces at shops.

Inventory:

Hand Weapons
 d - a +7 vampiric demon trident (weapon)
Armour
 e - a +2 pair of boots of running (worn)
 m - a +3 buckler of protection (worn)
 q - a +0 troll leather armour (worn)
 F - a scarf of spirit shield (worn)
 K - a +2 helmet (worn)
 L - a +2 pair of gloves of dexterity (worn)
 M - +0 swamp dragon scales
Magical Staves
 b - an uncursed staff of poison
Jewellery
 u - a +6 amulet of reflection (around neck)
 H - a ring of wizardry (left hand)
 O - a ring of protection from magic (right hand)
 P - an uncursed ring of positive energy
 Q - an uncursed ring of protection from fire
Wands
 k - a wand of paralysis (17)
 s - a wand of acid (23)
 z - a wand of iceblast (41)
 A - a wand of enslavement (16)
 E - a wand of flame (67)
 U - a wand of disintegration (22)
 Z - a wand of digging (3)
Scrolls
 g - 4 scrolls of identify
 n - 11 scrolls of amnesia
 o - 5 scrolls of blinking
 r - a scroll of acquirement
 t - 2 scrolls of fear
 x - 2 scrolls of fog
 C - 2 scrolls of teleportation
 I - 5 scrolls of remove curse
 J - 2 scrolls of enchant armour
 N - 2 scrolls of silence
Potions
 a - a potion of flight
 f - 6 potions of magic
 h - 2 potions of brilliance
 i - 10 potions of lignification
 p - 4 potions of haste
 v - 3 potions of cancellation
 y - 3 potions of heal wounds
 D - a potion of agility
 G - 3 potions of might
 R - 2 potions of mutation
 S - a potion of invisibility
 T - 5 potions of berserk rage
 W - 22 potions of curing
 Y - 2 potions of resistance
Comestibles
 c - 39 rations
 l - 4 chunks of flesh


   Skills:
 + Level 19.7 Fighting
 - Level 14.0 Polearms
 - Level 5.0 Armour
 - Level 10.0 Dodging
 - Level 10.0 Stealth
 - Level 4.1 Shields
 - Level 0.2 Unarmed Combat
 * Level 12.9 Spellcasting
 - Level 3.0 Transmutations
 - Level 15.0 Poison Magic
 - Level 10.0 Invocations
 + Level 9.9 Evocations


You had 20 spell levels left.
You knew the following spells:

 Your Spells              Type           Power        Failure   Level  Hunger
a - Sting                 Tmut/Pois      ####         1%          1    None
b - Poisonous Vapours     Pois/Air       #####.       1%          2    None
c - Olgreb's Toxic Radia  Pois           ######..     1%          4    #......
d - Mephitic Cloud        Conj/Pois/Air  ####....     1%          3    None
e - Alistair's Intoxicat  Tmut/Pois      #####...     2%          5    ####...
f - Iskenderun's Mystic   Conj/Tloc      ##......     30%         4    #......
g - Ignite Poison         Fire/Tmut/Pois ####....     1%          3    None
p - Apportation           Tloc           ##....       3%          1    None

Your spell library contained the following spells:

 Spells                   Type           Power        Failure   Level  Hunger
 Confusing Touch          Hex            ##....       3%          1    None
 Magic Dart               Conj           ##..         3%          1    None
 Summon Butterflies       Summ           ##......     3%          1    None
 Summon Small Mammal      Summ           ##..         3%          1    None
 Searing Ray              Conj           ##....       4%          2    None
 Call Canine Familiar     Summ           ##......     10%         3    None
 Confuse                  Hex            ##......     10%         3    None
 Dazzling Flash           Conj/Hex       ##....       10%         3    None
 Gell's Gravitas          Tloc           ##........   10%         3    None
 Lesser Beckoning         Tloc           ##........   10%         3    None
 Recall                   Summ/Tloc      N/A          10%         3    None
 Summon Guardian Golem    Hex/Summ       ##......     10%         3    None
 Tukima's Dance           Hex            ##......     10%         3    None
 Petrify                  Tmut/Erth      ###.....     16%         4    #......
 Cause Fear               Hex            ##........   30%         4    #......
 Fulminant Prism          Conj/Hex       ##........   30%         4    #......
 Yara's Violent Unravell  Hex/Tmut       ###.......   41%         5    ####...
 Bolt of Magma            Conj/Fire/Erth ##........   61%         5    ####...
 Iskenderun's Battlesphe  Conj/Chrm      ##......     61%         5    ####...
 Metabolic Englaciation   Hex/Ice        ##........   61%         5    ####...
 Silence                  Hex/Air        ##........   61%         5    ####...
 Summon Demon             Summ           ##........   61%         5    ####...
 Deflect Missiles         Chrm/Air       ##........   99%         6    ######.
 Invisibility             Hex            ##......     99%         6    ######.
 Iron Shot                Conj/Erth      ##........   99%         6    ######.
 Orb of Destruction       Conj           ##........   100%        7    #######
 Spellforged Servitor     Conj/Summ      ##........   100%        7    #######
 Discord                  Hex            ##........   100%        8    #######


Dungeon Overview and Level Annotations

Branches:
Dungeon (15/15)            Temple (0/1) D:6            Lair (6/6) D:8
  Swamp (4/4) Lair:3        Snake (4/4) Lair:4        Slime (0/5) Lair:6
    Orc (2/2) D:11            Elf (2/3) Orc:2        Vaults (0/5) D:13
 Depths (1/5) D:15

Altars:
Ashenzari
Cheibriados
Dithmenos
Elyvilon
Makhleb
Okawaru
Xom
The Shining One
Lugonu

Shops:
D:13 }   Orc:1 ?   Orc:2 *}:(*   Snake:1 (   Snake:4 *

Portals:
Abyss: Depths:1

Annotations:
D:6 1 runed translucent door, rubinsalamander's ghost, amateur GnWr
D:9 exclusion: downstairs
D:10 2 runed translucent doors, Keont's ghost, journeyman CeMo
Lair:5 exclusion: oklob plant
Swamp:1 2 transporters, nubinia's ghost, journeyman GnEE
Swamp:4 1 runed translucent door, mwcat2000's ghost, journeyman DsWz
Depths:1 Nikola


Innate Abilities, Weirdness & Mutations

You revert to your normal form in water.
You are very nimble and swift while swimming.
You are very stealthy in the water. (Stealth+)
You are dopey. (Int -2)


Message History

The bolt of lightning hits you!!
You emit a cloud of dark smoke.
Found a trident.
Nikola casts a spell.
You hear a mighty clap of thunder!
The lightning arc hits you!!
You emit a cloud of dark smoke.
The lightning arc hits Nikola.
The lightning arc hits you!!
* * * LOW HITPOINT WARNING * * *
The lightning arc grounds out.
You hear a shout!
Evoke which item? (* to show all) (? for menu, Esc to quit)
Aiming: Corrosive Bolt
Press: ? - help, Shift-Dir - straight line, f/p - Nikola
Aim: Nikola, wielding a +1 rapier of electrocution, wearing a +1 cloak and wearing a +0 pair of gloves (almost dead, poisoned, umbra)
The bolt of acid hits Nikola!!
Nikola is splashed with acid.
The acid corrodes Nikola!
Nikola is almost dead.
Nikola gestures wildly while chanting.
You hear a mighty clap of thunder!
The lightning arc hits you!!!
You die...

.. ### #.##.# ..
#.#.####.##.#
#......)....#
###.####'#######
#.........#
#§§§......#
.####§§§§§....#
#....'§§§§§....#
#.####§§@§§....#
#.§§§§.[..#
#.§....)..#
#...@.....#
#.........#
#.........#
#.......).#
..........#


You could see Nikola.

Vanquished Creatures
  Mara (Snake:4)
  Jorgrun (Snake:3)
  Kirke (Snake:3)
  A tengu reaver (Depths:1)
  8 nagarajas (Snake:4)
  An orc warlord (Orc:2)
  The ghost of Zurrusui the Thaumaturge, a journeyman GnSk of Yredelemnul (D:13)
  2 deep elf demonologists (Elf:1)
  A dire elephant (Lair:6)
  3 ettins
  A deep elf high priest (Elf:1)
  28 hydras
  Harold (D:7)
  An ice dragon (Depths:1)
  2 ghost crabs
  18 naga warriors
  A rakshasa (D:15)
  2 catoblepae
  2 ogre magi
  5 centaur warriors
  A dancing weapon (Orc:2)
  4 anacondas
  7 two-headed ogres
  11 alligators
  2 deep troll shamans
  3 death yaks (Lair:6)
  3 tengu warriors
  3 orc high priests (Orc:2)
  4 shock serpents
  14 naga sharpshooters
  4 skeletal warriors (D:15)
  A hell knight (D:15)
  A fire crab (Lair:4)
  An unseen horror (D:14)
  3 spriggan druids
  9 swamp dragons
  2 deep trolls (Depths:1)
  4 naga ritualists
  3 deep elf archers
  A harpy (shapeshifter) (Elf:2)
  A wolf spider zombie (D:15)
  7 orc knights
  A wizard (D:15)
  11 mana vipers
  5 ugly things
  5 orc sorcerers
  18 deep elf magi
  A cyclops (D:14)
  An oklob plant (Lair:4)
  3 manticores
  4 centaur zombies
  10 salamanders
  13 elephants
  A guardian serpent (Snake:2)
  31 black mambas
  A molten gargoyle (Lair:2)
  11 spiny frogs
  31 naga magi
  3 kobold demonologists (D:13)
  A rime drake (Lair:4)
  6 komodo dragons
  A redback zombie (D:15)
  A small abomination (Orc:2)
  An efreet (D:14)
  4 red devils (D:15)
  2 queen bees
  8 trolls
  8 tyrant leeches
  13 bog bodies
  6 hornets
  7 blink frogs
  6 meliai
  6 dream sheep (Lair:6)
  22 slime creatures
  15 hippogriffs
  5 spriggans
  4 shadows
  2 vampires (D:15)
  A water elemental (Elf:2)
  2 wyverns
  A fire elemental (Elf:1)
  42 yaks
  5 hogs (Snake:3)
  A steam dragon (Lair:5)
  22 vampire mosquitoes
  3 basilisks
  A soldier ant (D:7)
  10 insubstantial wisps (Swamp:1)
  2 acid dragons
  17 swamp worms
  5 wargs
  45 nagas
  9 porcupines
  10 water moccasins
  24 orc warriors
  14 swamp drakes
  2 black bears (Lair:6)
  2 sky beasts
  6 ice beasts
  3 phantoms
  2 hornet zombies
  13 ogres
  3 eyes of draining
  A necrophage (D:13)
  8 centaurs
  15 wolves
  15 crocodiles
  10 big kobolds
  13 bullfrogs
  An earth elemental (Elf:1)
  4 scorpions
  52 killer bees
  6 wights
  A howler monkey (D:10)
  7 crimson imps
  13 orc wizards
  2 quasits
  6 hounds
  15 orc priests
  2 jellies
  2 bullfrog skeletons
  7 centaur skeletons
  6 iguanas
  Terence (D:2)
  8 worker ants
  Robin (D:2)
  8 gnolls
  20 adders
  A shadow imp (D:11)
  4 adder skeletons
  6 worms
  3 dart slugs
  6 leopard geckos
  48 orcs
  A ball python (D:2)
  7 bats
  5 giant cockroaches
  9 hobgoblins
  7 jackals
  4 quokkas
  A ball python skeleton (D:6)
  6 frilled lizards
  A giant cockroach zombie (D:6)
  19 goblins
  11 kobolds
  A leopard gecko skeleton (D:4)
  3 leopard gecko zombies
  9 rats
  A crawling corpse (Elf:1)
  3 plants
1063 creatures vanquished.

Vanquished Creatures (collateral kills)
  the Lernaean hydra (Swamp:4)
  A hydra (Swamp:4)
  A deep troll (Depths:1)
  A swamp dragon (Swamp:4)
  3 porcupines (Lair:2)
  A swamp drake (Swamp:4)
  A bullfrog (Lair:2)
9 creatures vanquished.

Vanquished Creatures (others)
  Asterion (Snake:4)
  A deep troll shaman (Depths:1)
  A salamander (Depths:1)
  2 humans (Snake:3)
  A swamp drake (Swamp:4)
  A big kobold (D:13)
  28 fungi
  27 plants
62 creatures vanquished.

Grand Total: 1134 creatures vanquished

Notes
Turn   | Place    | Note
-------+----------+-------------------------------------------
     0 | D:1      | D1HalberdGnoll the Merfolk Venom Mage began the quest for
                  | the Orb.
     0 | D:1      | Reached XP level 1. HP: 13/13 MP: 3/3
   271 | D:1      | Reached XP level 2. HP: 20/20 MP: 3/5
   891 | D:2      | Noticed Robin
   985 | D:1      | Reached XP level 3. HP: 15/25 MP: 4/6
   988 | D:1      | Reached skill level 1 in Fighting
  1608 | D:2      | Killed Robin
  1770 | D:2      | Found a shadowy altar of Dithmenos.
  1779 | D:2      | Reached XP level 4. HP: 32/32 MP: 3/7
  2021 | D:2      | Became a worshipper of Dithmenos the Shadowed
  2396 | D:2      | Noticed Terence
  2410 | D:2      | Killed Terence
  2410 | D:2      | Reached XP level 5. HP: 23/38 MP: 3/9
  2696 | D:2      | Learned a level 2 spell: Poisonous Vapours
  2702 | D:2      | Reached skill level 2 in Fighting
  3491 | D:3      | Reached * piety under Dithmenos
  3933 | D:3      | Found a glowing golden altar of the Shining One.
  4329 | D:4      | Reached skill level 1 in Shields
  4329 | D:4      | Reached XP level 6. HP: 41/46 MP: 6/10
  4637 | D:4      | You fall into a shaft and drop 1 floor!
  4637 | D:5      | Entered Level 5 of the Dungeon
  5078 | D:5      | Noticed a phantom
  5116 | D:5      | Killed a phantom
  5116 | D:5      | Reached skill level 3 in Fighting
  5116 | D:5      | Reached skill level 1 in Polearms
  5116 | D:5      | Reached XP level 7. HP: 42/52 MP: 12/12
  5119 | D:5      | Reached skill level 5 in Poison Magic
  5341 | D:5      | Reached ** piety under Dithmenos
  6333 | D:4      | Noticed Eustachio
  6334 | D:4      | Noticed Eustachio
  6334 | D:4      | Eustachio changed into Eustachio the hound
  6342 | D:4      | Killed Eustachio the hound
  6634 | D:6      | Reached XP level 8. HP: 43/60 MP: 7/14
  6781 | D:6      | Found a staircase to the Ecumenical Temple.
  6785 | D:6      | Reached skill level 4 in Fighting
  7215 | D:6      | Found a shattered altar of Ashenzari.
  7386 | D:6      | Found a runed translucent door.
  7387 | D:6      | Noticed rubinsalamander's ghost (amateur GnWr)
  7783 | D:7      | Reached skill level 5 in Fighting
  7783 | D:7      | Reached skill level 5 in Polearms
  7812 | D:7      | Identified a scroll of acquirement
  7825 | D:7      | Identified a +0 pair of boots of running (You acquired it
                  | on level 7 of the Dungeon)
  7881 | D:7      | Reached skill level 5 in Spellcasting
  7881 | D:7      | Reached XP level 9. HP: 68/68 MP: 9/16
  8217 | D:7      | Reached *** piety under Dithmenos
  8746 | D:7      | Learned a level 4 spell: Olgreb's Toxic Radiance
  8750 | D:7      | Learned a level 3 spell: Mephitic Cloud
  8785 | D:7      | Reached skill level 5 in Dodging
  8871 | D:7      | Noticed Harold
  8885 | D:7      | Killed Harold
  8885 | D:7      | Reached skill level 6 in Fighting
  9196 | D:8      | Reached XP level 10. HP: 77/77 MP: 3/17
  9740 | D:8      | Reached skill level 10 in Polearms
  9740 | D:8      | Reached skill level 7 in Fighting
 10295 | D:8      | Found a shattered altar of Ashenzari.
 10339 | D:8      | Found a staircase to the Lair.
 10614 | D:9      | Found an iron altar of Okawaru.
 10657 | D:9      | Noticed Joseph
 10658 | D:9      | Noticed Joseph
 10658 | D:9      | Joseph changed into Joseph the eye of draining
 10667 | D:9      | Killed Joseph the eye of draining
 11196 | D:9      | Noticed a two-headed ogre
 11660 | D:9      | Found a shimmering altar of Xom.
 11660 | D:9      | Found a shimmering altar of Xom.
 11661 | D:9      | Found a shimmering altar of Xom.
 11680 | D:9      | Found a shimmering altar of Xom.
 11822 | D:9      | Killed a two-headed ogre
 12251 | D:9      | Reached XP level 11. HP: 86/86 MP: 8/18
 12479 | D:10     | Entered Level 10 of the Dungeon
 12483 | D:10     | Noticed an orc knight
 12484 | D:10     | Noticed a two-headed ogre
 12510 | D:9      | Reached skill level 8 in Fighting
 12998 | D:9      | Killed an orc knight
 13228 | D:9      | Found a shimmering altar of Xom.
 13228 | D:9      | Found a shimmering altar of Xom.
 13229 | D:9      | Found a shimmering altar of Xom.
 13229 | D:9      | Found a shimmering altar of Xom.
 13326 | D:9      | Killed a two-headed ogre
 13788 | D:9      | Found an iron altar of Okawaru.
 14095 | D:10     | Noticed a deep elf mage
 14114 | D:10     | Killed a deep elf mage
 14565 | D:10     | Found a large runed translucent door.
 14566 | D:10     | Found a large runed translucent door.
 14573 | D:10     | Noticed Keont's ghost (journeyman CeMo)
 14793 | D:10     | Reached **** piety under Dithmenos
 15690 | Lair:1   | Entered Level 1 of the Lair of Beasts
 15897 | Lair:1   | Reached skill level 9 in Fighting
 16084 | Lair:1   | Noticed an eight-headed hydra
 16106 | Lair:1   | Learned a level 3 spell: Ignite Poison
 16512 | Lair:1   | Reached skill level 10 in Poison Magic
 16754 | Lair:1   | Reached XP level 12. HP: 95/95 MP: 11/19
 16768 | Lair:1   | Reached skill level 10 in Dodging
 17028 | Lair:2   | Learned a level 5 spell: Alistair's Intoxication
 17115 | Lair:2   | Noticed a seven-headed hydra
 17516 | Lair:2   | Reached skill level 1 in Armour
 17918 | Lair:2   | Killed a seven-headed hydra
 18070 | Lair:2   | Noticed a five-headed hydra
 18086 | Lair:2   | Killed a five-headed hydra
 18461 | Lair:3   | Noticed a four-headed hydra
 18473 | Lair:3   | Killed a four-headed hydra
 18473 | Lair:3   | Reached skill level 5 in Stealth
 18722 | Lair:3   | Reached skill level 10 in Fighting
 19083 | Lair:3   | Noticed a seven-headed hydra
 19110 | Lair:3   | Killed a seven-headed hydra
 19360 | Lair:3   | Noticed a seven-headed hydra
 19375 | Lair:3   | Killed a seven-headed hydra
 19891 | Lair:3   | You fall into a shaft and drop 2 floors!
 19928 | Lair:5   | Reached XP level 13. HP: 85/104 MP: 1/21
 20034 | Lair:5   | Reached ***** piety under Dithmenos
 20374 | Lair:4   | Noticed Nessos
 20377 | Lair:4   | Noticed Nessos
 20377 | Lair:4   | Nessos changed into Nessos the fire crab
 20383 | Lair:4   | Killed Nessos the fire crab
 20501 | Lair:4   | Found a staircase to the Snake Pit.
 20810 | Lair:3   | Found a staircase to the Swamp.
 21389 | Lair:4   | You fall into a shaft and drop 2 floors!
 21389 | Lair:6   | Entered Level 6 of the Lair of Beasts
 21566 | Lair:6   | Reached skill level 5 in Armour
 21862 | Lair:6   | Learned a level 1 spell: Apportation
 21886 | Lair:5   | Reached skill level 11 in Fighting
 25211 | Lair:6   | Found a staircase to the Slime Pits.
 25265 | Lair:6   | Reached XP level 14. HP: 97/114 MP: 7/25
 25957 | Lair:6   | Reached skill level 12 in Fighting
 26032 | Lair:6   | Noticed a dire elephant
 26229 | Lair:6   | Killed a dire elephant
 26689 | D:11     | Found a portal to a secret trove of treasure.
 26701 | Trove    | Entered a treasure trove
 26971 | D:11     | Found a staircase to the Orcish Mines.
 27124 | D:11     | Reached skill level 10 in Stealth
 28632 | D:13     | Reached skill level 13 in Fighting
 28903 | D:13     | Found a runed translucent gate.
 28903 | D:13     | Found a runed translucent gate.
 28904 | D:13     | Found a runed translucent gate.
 28906 | D:13     | Noticed Zurrusui's ghost (journeyman GnSk)
 29643 | D:13     | Reached skill level 10 in Spellcasting
 29750 | D:13     | Found a gate to the Vaults.
 29898 | D:13     | Found Juca's Gadget Emporium.
 29933 | D:13     | Reached skill level 14 in Fighting
 30264 | D:13     | Reached XP level 15. HP: 118/126 MP: 19/29
 30357 | D:13     | Killed Zurrusui's ghost
 30838 | D:14     | Found a burning altar of Makhleb.
 31131 | D:14     | Found a corrupted altar of Lugonu.
 31421 | D:15     | Entered Level 15 of the Dungeon
 31454 | D:15     | Reached skill level 15 in Fighting
 32198 | D:15     | Reached skill level 16 in Fighting
 32765 | D:15     | Found a staircase to the Depths.
 33190 | D:15     | Reached skill level 1 in Invocations
 33528 | Orc:1    | Entered Level 1 of the Orcish Mines
 33724 | Orc:2    | Entered Level 2 of the Orcish Mines
 33822 | Orc:2    | Found a staircase to the Elven Halls.
 33973 | Orc:1    | Found Ycamol's Magic Scroll Boutique.
 34353 | Orc:2    | Found Bicsosae's Bounteous Boutique.
 34529 | Orc:2    | Noticed an orc warlord
 34554 | Orc:2    | Killed an orc warlord
 34875 | Orc:2    | Reached XP level 16. HP: 140/140 MP: 17/30
 35283 | Orc:2    | Found Erat's Weapon Shop.
 35283 | Orc:2    | Found Bohoyh's Assorted Antiques.
 35289 | Orc:2    | Found Nufext's Book Shop.
 35289 | Orc:2    | Found Yczygao's Gadget Emporium.
 35353 | Orc:1    | Bought a scroll of identify for 30 gold pieces
 35353 | Orc:1    | Bought a scroll of identify for 30 gold pieces
 35353 | Orc:1    | Bought 3 scrolls of identify for 90 gold pieces
 35353 | Orc:1    | Bought a scroll of identify for 30 gold pieces
 35356 | Orc:1    | Reached XP level 17. HP: 146/146 MP: 31/31
 35379 | Elf:1    | Entered Level 1 of the Elven Halls
 35382 | Elf:1    | Reached skill level 17 in Fighting
 35383 | Elf:1    | Noticed an Executioner
 36005 | Elf:1    | Identified the Catalogue of the Escort
 36106 | Elf:1    | You fall into a shaft and drop 1 floor!
 36849 | Swamp:1  | Entered Level 1 of the Swamp
 37243 | Swamp:1  | Found a transporter.
 37248 | Swamp:1  | Found a transporter.
 37248 | Swamp:1  | Noticed nubinia's ghost (journeyman GnEE)
 38144 | Swamp:1  | Upgraded the game from 0.25-a0-279-g53730b6a6f to
                  | 0.25-a0-283-ge7e91ba8d0
 38174 | Swamp:2  | Learned a level 4 spell: Iskenderun's Mystic Blast
 38279 | Swamp:2  | Reached ****** piety under Dithmenos
 38935 | Swamp:1  | Found a transporter.
 38939 | Swamp:1  | Found a transporter.
 40254 | Swamp:3  | Reached skill level 1 in Evocations
 40856 | Swamp:3  | Found a snail-covered altar of Cheibriados.
 41029 | Swamp:3  | Got an ichor-stained mace
 41030 | Swamp:3  | Identified the +4 mace of Sokubaq {holy, +Blink rElec rPois
                  | Int-4} (You found it on level 3 of the Swamp)
 41204 | Swamp:4  | Entered Level 4 of the Swamp
 41383 | Swamp:4  | Reached skill level 15 in Poison Magic
 41487 | Swamp:4  | Found a runed translucent door.
 41489 | Swamp:4  | Noticed mwcat2000's ghost (journeyman DsWz)
 41955 | Swamp:4  | Reached XP level 18. HP: 156/156 MP: 25/32
 42016 | Swamp:4  | Noticed the 27-headed Lernaean hydra
 42026 | Swamp:4  | Killed the 27-headed Lernaean hydra
 42029 | Swamp:4  | Reached skill level 10 in Invocations
 42137 | Swamp:4  | Reached skill level 18 in Fighting
 42561 | Swamp:4  | Reached skill level 5 in Evocations
 42717 | Swamp:4  | Got a decaying rune of Zot
 43057 | Snake:1  | Entered Level 1 of the Snake Pit
 44725 | Snake:1  | Found Ycisacue's Antique Weapon Shop.
 44771 | Snake:1  | You fall into a shaft and drop 1 floor!
 49452 | Snake:3  | Noticed Jorgrun
 49476 | Snake:3  | Killed Jorgrun
 49770 | Snake:3  | Noticed Kirke
 49783 | Snake:3  | Killed Kirke
 49783 | Snake:3  | Reached skill level 19 in Fighting
 50509 | Snake:3  | Reached XP level 19. HP: 141/166 MP: 21/34
 51061 | Snake:4  | Entered Level 4 of the Snake Pit
 51226 | Snake:4  | Found Laqiuxiq's General Store.
 51333 | Snake:4  | Bought a +6 amulet of reflection for 760 gold pieces
 51720 | Snake:4  | Found a white marble altar of Elyvilon.
 51781 | Snake:4  | Found the +7 pair of quick blades "Gyre" and "Gimble"
                  | {protect}
 51945 | Snake:4  | Noticed Mara
 51958 | Snake:4  | Noticed Asterion
 51990 | Snake:4  | Gained mutation: You are dopey. (Int -2) [a cacodemon]
 51992 | Snake:4  | Noticed D1HalberdGnoll's illusion
 52430 | Snake:4  | Noticed D1HalberdGnoll's illusion
 53009 | Snake:4  | Killed Asterion
 53354 | Snake:4  | Noticed D1HalberdGnoll's illusion
 53469 | Snake:4  | Killed Mara
 55298 | Snake:4  | Got a serpentine rune of Zot
 55864 | Depths:1 | Entered Level 1 of the Depths
 55877 | Depths:1 | Found a one-way gate to the infinite horrors of the Abyss.
 56259 | Depths:1 | Noticed Nikola
 56276 | Depths:1 | Killed from afar by Nikola

Levels and vault maps discovered:
D:1:      dpeg_arrival_refuge, layout_loops_cross, serial_bayou_lagoon_a
D:2:      layout_basic, old_standard_altar, uniq_robin, uniq_terence
D:3:      layout_loops_cross, tso_altar, amethyst_killhole
D:4:      layout_rooms, first_ration, uniq_eustachio
D:5:      layout_loops_corners
D:6:      layout_loops_ring, minmay_temple_entry_tees,
          ebering_ghost_reflecting_pool, serial_glass, glass_columns_c,
          glass_columns_a, dk_noncrumbling_4, nicolae_ashenzari_panopticon
D:7:      layout_cave_pools, uniq_harold
D:8:      layout_cave_pools, kennysheep_mini, david_lair_shrubbed,
          david_nohive_1
D:9:      layout_grid_maze, okawaru_ov_weapons_minmay, xom_redecorated,
          uniq_joseph
D:10:     cheibrodos_elevator_heist, layout_long_grid,
          ebering_ghost_disaster_area
D:11:     layout_rooms, kennysheep_orc_monster_closet_entryway, enter_trove_1
D:12:     layout_rooms, serial_rivers, chequers_serial_rivers_micro_d,
          chequers_serial_rivers_micro_b, chequers_serial_rivers_room_a,
          chequers_serial_rivers_micro_d, chequers_serial_rivers_room_b,
          chequers_serial_rivers_small_a
D:13:     layout_cave_pods, david_vaults_2, serial_park, serial_park_square1
          [serial_park_minivault_5x5_6], serial_park_tiny_pond,
          serial_park_square1 [serial_park_minivault_5x5_6], serial_park_square1
          [serial_park_minivault_5x5_2], serial_park_square3
          [serial_park_minivault_5x5_6], special_room [special_room_bee],
          serial_shops, nicolae_shop_trees, gammafunk_ghost_nasty_kobolds
D:14:     layout_long_grid, lemuel_crystal_altar, grunt_ministairs_10,
          chequers_jeans, tgw_lugonu_bribe
D:15:     hangedman_depths_entry_civil_slaughter, layout_loops_ring,
          hangedman_decor_points, einodemon_armed_red_devil_minivault
Lair:1:   layout_cave_pods, gauntlet_entry_generic, small_statue_intersection
Lair:2:   layout_gridlike, beast_lair_carwin_8
Lair:3:   layout_gridlike, palyth_hydra_swamp_entry, lemuel_fruit_tree,
          serial_bayou_shore_b
Lair:4:   layout_small_grid, guppyfry_snake_entry_garden, uniq_nessos
Lair:5:   layout_roguey, portal_ice_cave_entry_pillars_2,
          chequers_serial_rivers_micro_a, guppyfry_lair_drakes,
          grunt_megastairs_2, minmay_lair_oklob_chamber
Lair:6:   grunt_lair_end_beastmaster, layout_misc_corridors, slime_dummy,
          serial_bayou_pond_d
Swamp:1:  layout_basic_swamp, gammafunk_ghost_arena,
          nicolae_swamp_trees_clearing, swamp_pool5, infiniplex_staircase_pool_2
Swamp:2:  layout_basic_swamp, nicolae_swamp_fairy_circle, swamp_pool4,
          infiniplex_staircase_pool
Swamp:3:  layout_basic_swamp, nicolae_swamp_godswood
Swamp:4:  swamp_basic_johnstein, layout_basic_swamp, ebering_ghost_inner_flame
Snake:1:  layout_layer_cave, serial_shops, nicolae_shop_stone,
          statue_in_the_mist_lemuel, grunt_ministairs_15, st_stairs_1
Snake:2:  layout_chambers
Snake:3:  layout_cave_pods, uniq_kirke, uniq_jorgrun
Snake:4:  snake_pit, layout_basic, basic_altar, serial_shops, shop_fountains,
          grunt_ministairs_5, uniq_mara, uniq_asterion
Orc:1:    layout_caves, serial_shops, nicolae_shop_crystal
Orc:2:    grunt_orc_tribal_feast, layout_diamond_mine, nicolae_alphabet_shops
Elf:1:    layout_rooms, minmay_elf_demonology
Elf:2:    layout_gridlike, gammafunk_ghost_tricky_traps, serial_shops, shop
Depths:1: layout_gridlike, ebering_dispersal_statue_hall, hell_entry,
          abyss_entry, hangedman_summoners_spam, minmay_shop_star,
          infiniplex_staircase_pool_lava, uniq_nikola, uniq_enchantress

Skill      XL: |  1  2  3  4  5  6  7  8  9 10 11 12 13 14 15 16 17 18 19 |
---------------+----------------------------------------------------------+-----
Dodging        | 3 4 6 8 9 10 | 10.0
Transmutations | 2 3 |  3.0
Fighting       | 1 2 3 5 6 7 9 10 11 14 16 17 19 | 19.7
Poison Magic   | 4 5 6 7 8 10 11 12 13 15 | 15.0
Spellcasting   | 3 4 5 7 10 11 12 | 12.9
Shields        | 1 2 3 4 |  4.1
Polearms       | 1 2 5 9 11 14 | 14.0
Stealth        | 3 6 8 10 | 10.0
Armour         | 4 5 |  5.0
Invocations    | 3 7 9 10 | 10.0
Evocations     | 2 8 9 |  9.9
Unarmed Combat | |  0.2

Action                   |  1- 3 |  4- 6 |  7- 9 | 10-12 | 13-15 | 16-18 | 19-21 || total
-------------------------+-------+-------+-------+-------+-------+-------+-------++-------
Melee: Unarmed           |     2 |       |       |       |       |       |       ||     2
       Dagger            |   179 |   116 |       |       |       |       |       ||   295
       Tailslap          |    31 |       |       |     3 |     4 |    41 |       ||    79
       Spear             |       |    38 |   305 |   603 |  1415 |  1532 |   350 ||  4243
       Demon trident     |       |       |       |       |       |       |   355 ||   355
Throw: Throwing net      |       |       |       |       |       |       |     3 ||     3
 Cast: Sting             |    50 |   130 |    72 |   134 |   110 |   154 |    40 ||   690
       Poisonous Vapours |       |       |    39 |   175 |   216 |   125 |    23 ||   578
       Mephitic Cloud    |       |       |     1 |    24 |    39 |    51 |    14 ||   129
       Olgreb's Toxic Ra |       |       |       |     4 |    43 |    13 |       ||    60
       Ignite Poison     |       |       |       |    14 |    81 |    66 |    16 ||   177
       Alistair's Intoxi |       |       |       |     3 |     1 |     7 |     5 ||    16
Evoke: Wand              |       |       |     5 |    13 |    24 |     5 |    23 ||    70
  Use: Scroll            |       |       |    16 |     9 |    16 |    16 |    15 ||    72
       Potion            |       |       |       |     1 |     2 |     4 |    16 ||    23
 Stab: Sleeping          |       |     1 |     3 |       |     6 |    11 |     4 ||    25
       Distracted        |       |       |     1 |       |     4 |     3 |     1 ||     9
       Confused          |       |       |       |    13 |     6 |     2 |     2 ||    23
       Held in net/web   |       |       |       |       |       |       |     4 ||     4
  Eat: Chunk             |     4 |    11 |     9 |    23 |    28 |    19 |       ||    94
       Ration            |       |       |     2 |     4 |     7 |     9 |     5 ||    27
Armor: Robe              |     4 |       |       |       |       |       |       ||     4
       Leather armour    |    37 |    37 |    74 |    29 |       |       |       ||   177
       Troll leather arm |       |       |       |    62 |   169 |   102 |    15 ||   348
       Skin              |       |       |       |     1 |       |       |       ||     1
       Swamp dragon scal |       |       |       |       |       |   174 |   111 ||   285
Dodge: Dodged            |    56 |   136 |   201 |   354 |   662 |   847 |   255 ||  2511
Block: Buckler           |       |    16 |    47 |    79 |   188 |   244 |   190 ||   764
       Reflection        |       |       |       |       |       |       |    27 ||    27

Table legend:
 A = Non-vault XP
 B = Vault XP
 C = Vault XP percentage of total XP
 D = Non-vault monster count
 E = Vault monster count
 F = Vault count percentage of total count
                 A         B        C        D         E       F
            +---------+---------+-------+---------+---------+-------
      Total |  213959 |  115196 |  35.0 |     790 |     282 |  26.3
            +---------+---------+-------+---------+---------+-------
        D:1 |      41 |      21 |  33.9 |      16 |      11 |  40.7
        D:2 |      78 |      53 |  40.5 |      26 |       3 |  10.3
        D:3 |      91 |       0 |   0.0 |      28 |       0 |   0.0
        D:4 |     262 |      40 |  13.2 |      16 |       1 |   5.9
        D:5 |     546 |       0 |   0.0 |      22 |       0 |   0.0
        D:6 |     974 |       0 |   0.0 |      28 |       0 |   0.0
        D:7 |    1298 |    1072 |  45.2 |      23 |       2 |   8.0
        D:8 |     836 |    1481 |  63.9 |      16 |      15 |  48.4
        D:9 |    2541 |    1850 |  42.1 |      21 |       4 |  16.0
       D:10 |    3290 |     708 |  17.7 |      18 |       3 |  14.3
       D:11 |    2641 |    1321 |  33.3 |      16 |      20 |  55.6
       D:12 |    6911 |       0 |   0.0 |      35 |       0 |   0.0
       D:13 |    6673 |   10898 |  62.0 |      23 |      46 |  66.7
       D:14 |    4457 |     488 |   9.9 |      15 |       2 |  11.8
       D:15 |   18548 |    6596 |  26.2 |      52 |      10 |  16.1
     Lair:1 |    3534 |       0 |   0.0 |      15 |       0 |   0.0
     Lair:2 |    3411 |    1047 |  23.5 |      11 |       9 |  45.0
     Lair:3 |    4838 |    2348 |  32.7 |      20 |       6 |  23.1
     Lair:4 |    2739 |     928 |  25.3 |      12 |       2 |  14.3
     Lair:5 |    6487 |    1652 |  20.3 |      17 |       9 |  34.6
     Lair:6 |   11736 |    7070 |  37.6 |      42 |      13 |  23.6
    Swamp:1 |   16507 |     400 |   2.4 |      39 |       3 |   7.1
    Swamp:2 |    7928 |       0 |   0.0 |      25 |       0 |   0.0
    Swamp:3 |    7767 |       0 |   0.0 |      23 |       0 |   0.0
    Swamp:4 |   10741 |   15966 |  59.8 |      30 |      25 |  45.5
    Snake:1 |   15135 |    2153 |  12.5 |      33 |       5 |  13.2
    Snake:2 |   20194 |       0 |   0.0 |      36 |       0 |   0.0
    Snake:3 |   14283 |    5377 |  27.3 |      31 |       7 |  18.4
    Snake:4 |   11615 |   42971 |  78.7 |      22 |      51 |  69.9
      Orc:1 |    3534 |       0 |   0.0 |      21 |       0 |   0.0
      Orc:2 |    5214 |    7192 |  58.0 |      29 |      30 |  50.8
      Elf:1 |    9497 |    3564 |  27.3 |      16 |       5 |  23.8
      Elf:2 |    1413 |       0 |   0.0 |       3 |       0 |   0.0
   Depths:1 |    8199 |       0 |   0.0 |      10 |       0 |   0.0
            +---------+---------+-------+---------+---------+-------
